 Dungeon Crawl Stone Soup version 0.29-a0-304-gb34f9e133a (webtiles) character file.

Game seed: 5982830416508594749

542 kae the Firebug (level 7, 0/40 HPs)
             Began as a Tengu Fire Elementalist on Mar 26, 2022.
             Slain by an orc wizard
             ... wielding a +0 hand axe
              (6 damage)
             ... on level 5 of the Dungeon.
             The game lasted 00:03:42 (4571 turns).

kae the Firebug (Tengu Fire Elementalist)           Turns: 4571, Time: 00:03:42

Health: 0/40       AC:  4    Str:  8    XL:     7   Next: 27%
Magic:  5/12       EV: 15    Int: 18    God:
Gold:   169        SH:  0    Dex: 14    Spells: 6/12 levels left

rFire   . . .      SeeInvis .   j - +0 trident (freeze)
rCold   . . .      Faith    .   (no shield)
rNeg    . . .      Spirit   .   a - +0 robe
rPois   .          Reflect  .   (helmet restricted)
rElec   .          Harm     .   (no cloak)
rCorr   .          Rampage  .   g - +1 pair of gloves {infuse}
Will    .....                   (boots unavailable)
Stlth   ++........              (no amulet)
HPRegen 0.13/turn               (no ring)
MPRegen 0.13/turn               (no ring)

@: lethally poisoned (0 -> -7), flying quickly and evasively, quick
A: beak, talons 3, nimble flight
a: no special abilities


You were on level 5 of the Dungeon.
You visited 1 branch of the dungeon, and saw 5 of its levels.

You collected 169 gold pieces.

Inventory:

Hand Weapons
 e - a +0 dagger
 j - a +0 trident of freezing (weapon)
Armour
 a - a +0 robe (worn)
 g - a +1 pair of gloves of infusion (worn)
Jewellery
 d - a ring of see invisible
 f - a +4 ring of protection
Scrolls
 c - a scroll of teleportation
Potions
 b - a potion of magic
 h - a potion of degeneration
 i - a potion of berserk rage {unknown}


   Skills:
 + Level 2.3 Fighting
 + Level 2.6 Armour
 + Level 3.7 Dodging
 - Level 2.0 Stealth
 + Level 3.2 Spellcasting
 + Level 3.8 Conjurations
 * Level 5.5 Fire Magic


You had 6 spell levels left.
You knew the following spells:

 Your Spells              Type           Power      Damage    Failure   Level
a - Foxfire               Conj/Fire      76%        2x1d7     2%          1
b - Scorch                Fire           44%        2d7       2%          2
c - Conjure Flame         Conj/Fire      19%        6-21      7%          3

Your spell library contained the following spells:

 Spells                   Type           Power      Damage    Failure   Level
 Slow                     Hex            8%         N/A       16%         1
 Inner Flame              Hex/Fire       12%        N/A       16%         3
 Flame Wave               Conj/Fire      19%        2d6       22%         4
 Confusing Touch          Hex            2%         N/A       43%         3
 Vampiric Draining        Necr           2%         2d6       43%         3


Dungeon Overview and Level Annotations

Branches:
Dungeon (5/15)
 Temple: D:4-7

Altars:
Fedhas
Uskayaw

Annotations:
D:4 1 runed translucent door, qborf's ghost, amateur DjIE


Innate Abilities, Weirdness & Mutations

You have a beak for a mouth.
You have claws for feet.
Your magical nature lets you fly swiftly and evasively.


Message History

The foxfire hits the orc but does no damage.
The orc is heavily wounded.
Casting: Foxfire (safe; 2% risk of failure)
Confirm with . or Enter, or press ? or * to list all spells.
You conjure some foxfire!
The foxfire hits the orc wizard.
The orc wizard is lightly wounded.
The foxfire hits the orc.
You kill the orc!
The orc wizard gestures wildly while chanting.
The orc wizard flickers and vanishes!
Deactivating autopickup; reactivate with Ctrl-A.
The foxfire hits something.
Casting: Foxfire (safe; 2% risk of failure)
Confirm with . or Enter, or press ? or * to list all spells.
You conjure some foxfire!
A magic dart appears from out of thin air!
The magic dart hits you.
The foxfire hits something. x2
A necrophage comes into view.
Casting: Foxfire (safe; 2% risk of failure)
Confirm with . or Enter, or press ? or * to list all spells.
You conjure some foxfire!
Something barely misses you. Something closely misses your foxfire.
The foxfire hits something.
The foxfire hits something but does no damage.
Something hits you.
Casting: Foxfire (safe; 2% risk of failure)
Confirm with . or Enter, or press ? or * to list all spells.
You conjure some foxfire!
Something barely misses you. Something hits you.
Something completely misses your foxfire.
The foxfire hits something but does no damage.
The foxfire hits something.
Something hits you.
* * * LOW HITPOINT WARNING * * *
Something hits you but does no damage.
You are lethally poisoned!
You hit something but do no damage. Your kick misses something.
* * * LOW HITPOINT WARNING * * *
You feel very sick. Something completely misses you. Something hits you.
You die...

...... .......
...... .........
...<). #........#
...)..##........#
....)..#.........
........n.....$..
.....).{.........
.#..).@.........
......§.......... .
..#..#..#)..........
.).. #..............
#.# #.##...........
. #....###.......
#....###.....<.
#..............
#....†##.......


You could see a necrophage.

Vanquished Creatures
  A sky beast (D:5)
  A black bear (D:5)
  A scorpion (D:4)
  2 jellies (D:5)
  A hound (D:5)
  An iguana (D:5)
  An orc wizard (D:4)
  An adder (D:5)
  4 gnolls
  5 dart slugs
  20 orcs
  6 ball pythons
  8 endoplasms
  5 giant cockroaches
  5 goblins
  6 hobgoblins
  3 jackals (D:3)
  5 kobolds
  2 quokkas
  5 bats
  4 frilled lizards
  3 rats
90 creatures vanquished.

Vanquished Creatures (collateral kills)
  5 foxfires
5 creatures vanquished.

Vanquished Creatures (others)
  271 foxfires
  2 plants (D:3)
273 creatures vanquished.

Grand Total: 368 creatures vanquished

Notes
Turn   | Place    | Note
-------+----------+-------------------------------------------
     0 | D:1      | kae the Tengu Fire Elementalist began the quest for the
                  | Orb.
     0 | D:1      | Reached XP level 1. HP: 10/10 MP: 4/4
   446 | D:1      | Reached XP level 2. HP: 15/15 MP: 3/6
   482 | D:1      | Learned a level 2 spell: Scorch
  1035 | D:2      | Reached XP level 3. HP: 20/20 MP: 2/7
  1039 | D:2      | Learned a level 3 spell: Conjure Flame
  1848 | D:3      | Found a faded altar of an unknown god.
  2034 | D:3      | Reached skill level 4 in Fire Magic
  2045 | D:3      | Reached XP level 4. HP: 24/24 MP: 2/8
  2175 | D:3      | Reached skill level 1 in Fighting
  2191 | D:3      | Reached skill level 1 in Armour
  3148 | D:4      | Gained mutation: Your magical nature lets you fly swiftly
                  | and evasively. [Tengu growth]
  3148 | D:4      | Reached XP level 5. HP: 17/29 MP: 4/9
  3391 | D:4      | Found a hide-covered altar of Uskayaw.
  4039 | D:4      | Found a blossoming altar of Fedhas.
  4114 | D:4      | Found a runed translucent door.
  4114 | D:4      | Noticed qborf's ghost (amateur DjIE)
  4135 | D:5      | Entered Level 5 of the Dungeon
  4140 | D:5      | Noticed a sky beast
  4148 | D:5      | Killed a sky beast
  4149 | D:5      | Reached skill level 5 in Fire Magic
  4149 | D:5      | Reached XP level 6. HP: 35/35 MP: 0/11
  4292 | D:5      | Noticed a black bear
  4349 | D:5      | Killed a black bear
  4350 | D:5      | Reached XP level 7. HP: 37/40 MP: 7/12
  4571 | D:5      | Slain by an orc wizard

Illustrated notes

Levels and vault maps discovered:
D:1:      dpeg_arrival_rooms_c, layout_loops_ring, minmay_quantized
D:2:      layout_basic
D:3:      layout_basic, dreamdust_ecumenical_altar_grove, hex_intersection,
          serial_bayou_pond_c, hex_large, st_stairs_4, dreamdust_princess_bridge
D:4:      layout_cave_pools, mainiacjoe_overflow_boulevard,
          mainiacjoe_overflow_alcove_4, gammafunk_ghost_grave
D:5:      layout_rooms, nzn_random_ring

Skill      XL: |  1  2  3  4  5  6 |
---------------+-------------------+-----
Conjurations   | 2 3 |  3.8
Fire Magic     | 4 5 |  5.5
Fighting       | 1 2 |  2.3
Armour         | 1 2 |  2.6
Dodging        | 3 |  3.7
Spellcasting   | 3 |  3.2
Stealth        | |  2.0

Action                   |  1- 3 |  4- 6 |  7- 9 || total
-------------------------+-------+-------+-------++-------
Melee: Dagger            |       |     7 |       ||     7
       Kick              |       |     3 |       ||     3
       Trident           |       |    16 |     5 ||    21
       Peck              |       |     2 |       ||     2
 Cast: Foxfire           |    77 |    65 |    18 ||   160
       Scorch            |     1 |    14 |     4 ||    19
       Conjure Flame     |       |     3 |       ||     3
  Use: Scroll            |     2 |     5 |       ||     7
 Stab: Sleeping          |       |     2 |       ||     2
Armor: Robe              |     3 |    20 |     2 ||    25
Dodge: Dodged            |    13 |    49 |     8 ||    70

Table legend: (Time is in decaauts)
 A = Elapsed time spent in this place.
 B = Non-inter-level travel time spent in this place.
 C = Inter-level travel time spent in this place.
 D = Time resting spent in this place.
 E = Time spent auto-exploring this place.
 F = Levels seen in this place.
 G = Mean time per level.
                   A        B        C        D        E       F      G
               +--------+--------+--------+--------+--------+-----+--------+
         Total |   4535 |   4412 |    123 |    660 |   3040 |   5 |  907.0 |
       Dungeon |   4535 |   4412 |    123 |    660 |   3040 |   5 |  907.0 |
               +--------+--------+--------+--------+--------+-----+--------+

Top non-repeatable levels by time:
     D:3: 1432 daAuts
     D:4: 922 daAuts
     D:2: 876 daAuts
     D:1: 870 daAuts
     D:5: 433 daAuts
